 Dungeon Crawl Stone Soup version 0.22.0-6-g71bd7aa (webtiles) character file.

37 Amnesiac the Gusty (level 3, -2/24 HPs)
             Began as a Mummy Air Elementalist on Aug 15, 2018.
             Slain by a jackal (3 damage)
             ... on level 4 of the Dungeon.
             The game lasted 00:02:13 (643 turns).

Amnesiac the Gusty (Mummy Air Elementalist)          Turns: 643, Time: 00:02:14

Health: -2/24      AC:  2    Str: 11    XL:     3   Next: 21%
Magic:  1/7        EV: 12    Int: 15    God:
Gold:   63         SH:  0    Dex: 12    Spells: 6/8 levels left

rFire    x . .     SeeInvis .   (no weapon)
rCold    + . .     Gourm    .   (no shield)
rNeg     + + +     Faith    .   a - +0 robe
rPois    ∞         Spirit   .   (no helmet)
rElec    .         Reflect  .   (no cloak)
rCorr    .         Harm     .   (no gloves)
MR       .....                  (no boots)
Stlth    ++........             (no amulet)
HPRegen  0.08/turn              (no ring)
MPRegen  0.10/turn              (no ring)

@: very slightly contaminated
A: no food or potions, fire vulnerability, cold resistance 1, negative energy
resistance 3, torment resistance, unbreathing
a: no special abilities


You were on level 4 of the Dungeon.
You were not hungry.

You visited 1 branch of the dungeon, and saw 4 of its levels.

You collected 63 gold pieces.

Inventory:

Armour
 a - a +0 robe (worn)
Scrolls
 b - a scroll of immolation {!r, unknown}
 c - a scroll of identify {!r, unknown}


   Skills:
 - Level 1.5 Dodging
 - Level 1.5 Stealth
 + Level 3.2 Spellcasting
 - Level 0.7 Conjurations
 * Level 3.3 Air Magic


You had 6 spell levels left.
You knew the following spells:

 Your Spells              Type           Power        Failure   Level  Hunger
z - Swiftness             Chrm/Air       #.......     14%         2    N/A

Your spell library contained the following spells:

 Spells                   Type           Power        Failure   Level  Hunger
 Lightning Bolt           Conj/Air       #.........   93%         5    N/A
 Shock                    Conj/Air       #...         9%          1    N/A
 Airstrike                Air            ##........   43%         4    N/A
 Static Discharge         Conj/Air       #.......     26%         3    N/A

Dungeon Overview and Level Annotations

Branches:
Dungeon (4/15)
 Temple: D:4-7

Altars:

Annotations:
D:3 Terence


Innate Abilities, Weirdness & Mutations

You do not eat or drink.
Your flesh is vulnerable to fire.
You are immune to poison.
Your flesh is cold resistant. (rC+)
You are immune to negative energy. (rN+++)
You are immune to unholy pain and torment.
You can survive without breathing.


Message History

The zap hits the jackal.
The jackal is moderately wounded.
The zap hits the jackal.
The jackal is heavily wounded.
Unknown command.
Casting: Shock (safe; 9% risk of failure)
Confirm with . or Enter, or press ? or * to list all spells.
Aiming: Shock (safe; 9% risk of failure)
Press: ? - help, Shift-Dir - straight line You miscast Shock.
Nothing appears to happen.
The jackal barely misses you.
The jackal bites you but does no damage.
Unknown command.
Casting: Shock (safe; 9% risk of failure)
Confirm with . or Enter, or press ? or * to list all spells.
Aiming: Shock (safe; 9% risk of failure)
Press: ? - help, Shift-Dir - straight line, f - jackal
Aim: a jackal You miscast Shock.
Nothing appears to happen.
The jackal bites you.
* * * LOW HITPOINT WARNING * * *
A worker ant comes into view.
The jackal misses you. The jackal barely misses you.
Casting: Shock (safe; 9% risk of failure)
Confirm with . or Enter, or press ? or * to list all spells.
Aiming: Shock (safe; 9% risk of failure)
Press: ? - help, Shift-Dir - straight line, p - jackal
Okay, then.
Found a centaur barding.
Casting: Shock (safe; 9% risk of failure)
Confirm with . or Enter, or press ? or * to list all spells.
Aiming: Shock (safe; 9% risk of failure)
Press: ? - help, Shift-Dir - straight line, p - jackal You miscast Shock.
Nothing appears to happen.
The jackal barks!
The jackal bites you.
* * * LOW HITPOINT WARNING * * *
The jackal completely misses you.
Casting: Shock (safe; 9% risk of failure)
Confirm with . or Enter, or press ? or * to list all spells.
Aiming: Shock (safe; 9% risk of failure)
Press: ? - help, Shift-Dir - straight line, f - jackal
Aim: a jackal The zap misses the jackal. x2; The zap hits the jackal.
The jackal is almost dead.
The jackal bites you.
* * * LOW HITPOINT WARNING * * *
Casting: Shock (safe; 9% risk of failure)
Confirm with . or Enter, or press ? or * to list all spells.
Aiming: Shock (safe; 9% risk of failure)
Press: ? - help, Shift-Dir - straight line, f/p - jackal
Aim: a jackal The zap hits the jackal.
The jackal is moderately wounded.
The zap hits the jackal.
You kill the jackal!
The worker ant twitches its antennae in your direction.
The jackal completely misses you.
Unknown command.
You aren't carrying any items that you can evoke.
Unknown command.
Really read
d - a scroll labeled DENARU XOSKE {!r}?
As you read the scroll labeled DENARU XOSKE {!r}, it crumbles to dust.
It is a scroll of amnesia.
Your memory of Shock unravels.
The jackal bites you.
You die... ..# #.$ # hh#

..# #h# #.# ##..#
##.# #.... ###.h####
########[.. .....
#.......###†h@<....#
...$.
#.......#†h.########
.!...
...........a######
.....
...#..............##
..... ..
########.........
.s... # #######...
..... ##


You could see a worker ant and 2 jackals.

Vanquished Creatures
  2 adders
  A leopard gecko (D:2)
  A giant cockroach (D:1)
  2 goblins
  2 hobgoblins
  A jackal (D:4)
  3 kobolds
  A bat (D:1)
  A frilled lizard (D:3)
  2 rats
16 creatures vanquished.

Vanquished Creatures (others)
  A goblin (D:3)
1 creature vanquished.

Grand Total: 17 creatures vanquished

Notes
Turn   | Place    | Note
-------+----------+-------------------------------------------
     0 | D:1      | Amnesiac the Mummy Air Elementalist began the quest for the Orb.
     0 | D:1      | Reached XP level 1. HP: 13/13 MP: 4/4
   270 | D:2      | Reached XP level 2. HP: 19/19 MP: 3/5
   274 | D:2      | Learned a level 2 spell: Swiftness
   556 | D:3      | Noticed Terence
   572 | D:4      | Reached XP level 3. HP: 2/24 MP: 1/7
   641 | D:4      | HP: 1/24 [jackal (3)]
   643 | D:4      | Slain by a jackal

Skill      XL: |  1  2 |
---------------+-------+-----
Air Magic      | 3 |  3.3
Spellcasting   | 3 |  3.2
Dodging        | |  1.5
Stealth        | |  1.5
Conjurations   | |  0.7

Action                   || total
-------------------------++-------
Melee: Unarmed           ||     6
 Cast: Shock             ||    40
  Use: Scroll            ||     3
Armor: Robe              ||     1
Dodge: Dodged            ||    27
